 Dungeon Crawl Stone Soup version 0.32-a0-19-g28bc0835a1 (webtiles) character file.

Game seed: 8019050344353859263

18407 tilp the Covert (level 12, -1/91 HPs)
             Began as a Vampire Enchanter on Jan 17, 2024.
             Was a Believer of Wu Jian.
             Slain by a yak (12 damage)
             ... led by a torpor snail
             ... on level 1 of the Lair of Beasts.
             The game lasted 00:22:29 (11911 turns).

tilp the Covert (Vampire Enchanter)                Turns: 11911, Time: 00:22:29

Health: -1/91      AC: 12    Str:  7    XL:     12   Next: 27%
Magic:  10/20      EV: 17    Int: 22    God:    Wu Jian [**....]
Gold:   725        SH:  0    Dex: 21    Spells: 11/22 levels left

rFire   . . .        a - +2 dagger (venom)
rCold   . . .        (no shield)
rNeg    . . .        O - +0 steam dragon scales
rPois   +            (no helmet)
rElec   .            (no cloak)
rCorr   .            r - +2 pair of gloves
SInv    +            h - +2 pair of boots
Will    +....        (no amulet)
Stlth   +++++        D - ring of poison resistance
HPRegen 0.55/turn    v - +6 ring of dexterity
MPRegen 0.17/turn

%: no passive effects
@: healing quickly
A: alive, fangs 3, see invisible, vampiric 2
a: Exsanguinate, Renounce Religion, Wall Jump


You were on level 1 of the Lair of Beasts.
You worshipped Wu Jian.
Wu Jian was pleased with you.
You visited 3 branches of the dungeon, and saw 13 of its levels.
You also visited: Ossuary and Bailey.

You collected 983 gold pieces.
You spent 258 gold pieces at shops.

Inventory:

Hand Weapons
 a - a +2 dagger of venom (weapon)
 b - a +2 scimitar of flaming
 s - a +1 spectral dagger
 S - a +1 scimitar of electrocution
Missiles
 p - 20 boomerangs (quivered)
 q - 24 poisoned darts
 I - 14 curare-tipped darts
 J - 12 darts of dispersal
 L - 4 atropa-tipped darts
 M - 4 datura-tipped darts
 R - 7 javelins
Armour
 h - a +2 pair of boots (worn)
 r - a +2 pair of gloves (worn)
 O - +0 steam dragon scales (worn)
Jewellery
 v - a +6 ring of dexterity (right hand)
 D - a ring of poison resistance (left hand)
Wands
 e - a wand of roots (11)
 C - a wand of mindburst (7)
 G - a wand of flame (13)
 K - a wand of polymorph (1)
 P - a wand of acid (4)
Scrolls
 d - 3 scrolls of amnesia
 k - 3 scrolls of vulnerability
 n - 2 scrolls of enchant weapon
 u - 3 scrolls of enchant armour
 w - a scroll of silence
 x - 8 scrolls of teleportation
 y - a scroll of fear
 z - 3 scrolls of fog
 B - 4 scrolls of noise
 F - 3 scrolls of identify
 N - a scroll of blinking
 Q - a scroll of revelation
 T - a scroll of poison {unknown}
Potions
 c - 3 potions of invisibility
 f - 2 potions of brilliance
 g - 4 potions of lignification
 i - 3 potions of might
 j - 2 potions of attraction
 l - 4 potions of curing
 m - a potion of ambrosia
 o - 2 potions of resistance
 t - a potion of haste
 A - 3 potions of enlightenment
 H - 2 potions of mutation
Miscellaneous
 E - a sack of spiders (inert)


   Skills:
 * Level 7.5 Fighting
 - Level 3.7(8.1) Short Blades
 + Level 10.3(10.6) Long Blades
 - Level 4.0 Armour
 + Level 7.0 Dodging
 + Level 11.2 Stealth
 + Level 5.8 Spellcasting
 + Level 3.2 Conjurations
 * Level 10.6 Hexes
 - Level 2.0 Ice Magic
 + Level 3.7 Evocations


You had 11 spell levels left.
You knew the following spells:

 Your Spells              Type           Power      Damage    Failure   Level
a - Ensorcelled Hibernat  Hex/Ice        68%        N/A       1%          2
b - Confusing Touch       Hex            52%        N/A       1%          3
c - Tukima's Dance        Hex            52%        N/A       1%          3
d - Dazzling Flash        Conj/Hex       74%        N/A       1%          3

Your spell library contained the following spells:

 Spells                   Type           Power      Damage    Failure   Level
 Magic Dart               Conj           80%        1d7       2%          1
 Searing Ray              Conj           40%        2d5       3%          2
 Shock                    Conj/Air       52%        1d6       4%          1
 Sting                    Conj/Alch      52%        1d6       4%          1
 Necrotise                Necr           24%        1d5       10%         1
 Sandblast                Erth           12%        2d6       10%         1
 Cigotuvi's Dreadful Rot  Necr/Alch/Air  12%        N/A       14%         2
 Stone Arrow              Conj/Erth      26%        3d8       14%         3
 Passwall                 Erth           6%         N/A       28%         3
 Vampiric Draining        Necr           6%         2d6       28%         3
 Brom's Barrelling Bould  Conj/Erth      13%        2d4       43%         4
 Fulminant Prism          Conj/Alch      6%         3d7       43%         4
 Animate Armour           Summ/Erth      12%        N/A       67%         4
 Dispel Undead            Necr           6%         3d8       67%         4
 Martyr's Knell           Necr/Summ      6%         N/A       67%         4
 Curse of Agony           Necr           6%         N/A       95%         5
 Death Channel            Necr           3%         N/A       100%        6
 Haunt                    Necr/Summ      3%         N/A       100%        7
 Lehudib's Crystal Spear  Conj/Erth      6%         10d3      100%        8
 Borgnjor's Revivificati  Necr           Unusable   N/A       N/A         8
 Death's Door             Necr           Unusable   N/A       N/A         9

Dungeon Overview and Level Annotations

Branches:
Dungeon (11/15)            Temple (1/1) D:7            Lair (1/5) D:10
    Orc (0/2) D:11        Ossuary (visited)          Bailey (visited)

Altars:
Ashenzari
Cheibriados
Dithmenos
Fedhas
Gozag
Hepliaklqana
Kikubaaqudgha
Makhleb
Nemelex Xobeh
Okawaru
Qazlal
Ru
Sif Muna
Trog
Uskayaw
Vehumet
Wu Jian
Xom
Yredelemnul

Shops:
D:5 ?


Innate Abilities, Weirdness & Mutations

Your natural rate of healing is accelerated.
You have razor-sharp teeth.
You have supernaturally acute eyesight. (SInv)
You are afflicted with vampirism and can become a bat while bloodless.


Message History

Casting: Dazzling Flash (safe; 1% risk of failure)
Confirm with . or Enter, or press ? or * to list all spells.
Casting: Dazzling Flash (safe; 1% risk of failure)
Press: ? - help, Dir - look around, f - activate The torpor snail is dazzled.
The yak is dazzled. x2; The yak gores you! x2
* * * LOW HITPOINT WARNING * * *
The yak gores you!
* * * LOW HITPOINT WARNING * * *
The torpor snail closely misses you.
Unknown command.
Unknown command.
You hit the torpor snail.
The torpor snail looks as sick as possible!
The torpor snail is almost dead.
You kill the torpor snail!
The Council accepts your kill. The yak gores you but does no damage.
Unknown command.
You barely miss the yak. You bite the yak.
The yak is heavily wounded.
You feel yourself speed up.
The yak looks more healthy.
The yak is no longer blind.
The yak gores you.
* * * LOW HITPOINT WARNING * * *
The yak closely misses you.
You hit the yak.
The yak looks as sick as possible!
Your punch misses the yak. You bite the yak, but do no damage.
The yak is severely wounded.
You barely miss the yak.
The yak is heavily wounded.
The yak misses you. The yak gores you!
* * * LOW HITPOINT WARNING * * *
You spin and attack the yak repeatedly.
You hit the yak.
The yak looks as sick as possible!
Your bite misses the yak.
The yak is severely wounded.
You barely miss the yak.
The yak is severely wounded.
The yak gores you.
* * * LOW HITPOINT WARNING * * *
You feel better.
The yak looks more healthy.
The yak gores you!
You die...

~≈≈~###..##.##
#..# ##..
~≈≈~~....##..#
##.# #...
~~≈≈~.....#..#
#P.#####..
.~≈≈~.......P#
##†.......
.~≈≈~~......##
#........
.~~≈≈~......#
#........
..~≈≈~~.Y.#.#
#........
..~~≈≈~.Y.#.##
#........
...~≈≈~Y@....#
#.........
...~~~~.....##
##.###....
.....#......#
#.. #...#
..........#.#
..# #....
.......)..#.#
PP.# #.###
.....####.#..
.... ..# ....#
## .. ### ##


You could see 3 yaks.

Vanquished Creatures
  2 hydras
  A two-headed ogre (D:8)
  Sonja (D:11)
  3 skeletal warriors (D:11)
  A cyclops (D:11)
  A manticore (D:11)
  2 torpor snails (Lair:1)
  2 komodo dragons (Lair:1)
  3 cane toads (Lair:1)
  A kobold demonologist (D:11)
  A rime drake (Lair:1)
  Psyche (D:11)
  An efreet (D:10)
  A polar bear (Lair:1)
  2 trolls
  4 hornets
  3 wyverns
  A shadow (D:10)
  4 vampires
  16 yaks (Lair:1)
  2 wraiths
  2 vampire mosquitoes (D:10)
  3 steam dragons (D:8)
  A water moccasin (D:7)
  A black bear (D:6)
  4 orc warriors
  9 centaurs
  A phantom (D:5)
  9 kobold brigands
  An elf zombie (Ossuary)
  7 bullfrogs
  A gnoll sergeant (D:10)
  3 scorpions
  4 howler monkeys
  6 hounds
  3 jellies
  3 human zombies (Ossuary)
  A bombardier beetle (D:4)
  A gnoll bouda (D:6)
  4 orc priests
  Jessica (D:3)
  4 iguanas
  6 orc wizards
  5 hound zombies (Ossuary)
  2 mummies (Ossuary)
  9 gnolls
  4 adders
  A white imp (D:7)
  2 ufetubi (D:6)
  6 adder zombies (Ossuary)
  3 dart slugs
  17 orcs
  5 ball pythons
  4 bats
  7 endoplasms
  6 giant cockroaches
  8 gnoll zombies (Ossuary)
  8 goblins
  9 hobgoblins
  4 jackals
  38 kobolds
  2 quokkas
  3 frilled lizards
  9 jackal zombies (Ossuary)
  2 kobold zombies (Ossuary)
  3 orc zombies (Ossuary)
  5 rats
290 creatures vanquished.

Vanquished Creatures (collateral kills)
  Urug (D:11)
  A water moccasin (Lair:1)
  2 orc warriors (Bailey)
  A kobold brigand (Bailey)
5 creatures vanquished.

Grand Total: 295 creatures vanquished

Notes
Turn   | Place    | Note
-------+----------+-------------------------------------------
     0 | D:1      | tilp the Vampire Enchanter began the quest for the Orb.
     0 | D:1      | Reached XP level 1. HP: 13/13 MP: 3/3
   147 | D:1      | Reached XP level 2. HP: 20/20 MP: 5/5
   157 | D:1      | Learned a level 2 spell: Ensorcelled Hibernation
   632 | D:2      | Found a faded altar of an unknown god.
   848 | D:1      | Gained mutation: You are afflicted with vampirism and can
                  | become a bat while bloodless. [Vampire growth]
   848 | D:1      | Reached XP level 3. HP: 16/25 MP: 0/6
   852 | D:1      | Learned a level 3 spell: Confusing Touch
   931 | D:2      | Reached skill level 1 in Long Blades
  1025 | D:2      | Reached skill level 1 in Fighting
  1530 | D:3      | Found a sparkling altar of Nemelex Xobeh.
  1599 | D:3      | Reached XP level 4. HP: 32/32 MP: 7/7
  1629 | D:3      | Found a bloodstained altar of Trog.
  1629 | D:3      | Found a basalt altar of Yredelemnul.
  1747 | D:3      | Reached skill level 5 in Hexes
  2044 | D:3      | Noticed Jessica
  2057 | D:3      | Killed Jessica
  2058 | D:3      | Reached skill level 5 in Stealth
  2058 | D:3      | Reached XP level 5. HP: 38/38 MP: 1/8
  2468 | D:4      | Reached skill level 1 in Evocations
  2594 | D:4      | Reached XP level 6. HP: 44/44 MP: 9/9
  2735 | D:4      | Reached skill level 1 in Ice Magic
  2886 | D:5      | Entered Level 5 of the Dungeon
  2931 | D:5      | Found Unacs's Magic Scroll Shop.
  2936 | D:5      | Bought a scroll of teleportation for 33 gold pieces
  2936 | D:5      | Bought a scroll of fear for 44 gold pieces
  2936 | D:5      | Bought a scroll of teleportation for 33 gold pieces
  2936 | D:5      | Bought a scroll of fog for 44 gold pieces
  2974 | D:5      | Found a sand-covered staircase.
  2983 | Ossuary  | Entered an ossuary
  3219 | Ossuary  | Reached XP level 7. HP: 45/51 MP: 7/11
  4295 | D:5      | Bought a scroll of brand weapon for 104 gold pieces
  4318 | D:6      | Reached skill level 6 in Stealth
  4683 | D:6      | Reached XP level 8. HP: 54/58 MP: 2/12
  5283 | D:6      | Found a blossoming altar of Fedhas.
  5432 | D:7      | Found a staircase to the Ecumenical Temple.
  5792 | D:7      | Reached skill level 7 in Stealth
  5796 | D:7      | Learned a level 3 spell: Tukima's Dance
  5800 | D:7      | Learned a level 3 spell: Dazzling Flash
  6111 | D:7      | Noticed a hornet
  6124 | D:7      | Killed a hornet
  6125 | D:7      | Reached XP level 9. HP: 32/66 MP: 6/14
  6598 | Temple   | Entered the Ecumenical Temple
  6673 | D:8      | Reached skill level 5 in Long Blades
  6674 | D:8      | Noticed a two-headed ogre
  6683 | D:8      | Killed a two-headed ogre
  6684 | D:8      | Reached skill level 5 in Fighting
  6684 | D:8      | Reached skill level 5 in Dodging
  6684 | D:8      | Reached skill level 1 in Conjurations
  6692 | D:8      | Found a flagged portal.
  6719 | Bailey   | Entered a bailey
  6767 | Bailey   | Reached skill level 8 in Stealth
  7087 | Bailey   | Found a bloodstained altar of Trog.
  7149 | D:8      | Reached XP level 10. HP: 76/76 MP: 13/17
  7479 | D:8      | Found a stormy altar of Qazlal.
  7595 | D:8      | Reached skill level 9 in Stealth
  8125 | D:9      | Found a shimmering blue altar of Sif Muna.
  8134 | D:9      | Found a radiant altar of Vehumet.
  8209 | D:9      | Reached skill level 5 in Spellcasting
  8306 | D:9      | You fall into a shaft and drop 2 floors!
  8306 | D:11     | Found a staircase to the Orcish Mines.
  8390 | D:11     | Noticed a manticore
  8395 | D:11     | Killed a manticore
  8396 | D:11     | Reached skill level 1 in Armour
  8427 | D:10     | Entered Level 10 of the Dungeon
  8587 | D:9      | Noticed an eight-headed hydra
  8598 | D:9      | Killed a seven-headed hydra
  8599 | D:9      | Reached skill level 10 in Stealth
  9078 | D:9      | Found an ornate altar of the Wu Jian Council.
  9134 | D:9      | Became a worshipper of the Wu Jian Council
  9586 | D:10     | Reached XP level 11. HP: 59/81 MP: 9/18
 10049 | D:10     | Found a staircase to the Lair.
 10248 | D:11     | Got A Beginning Course on the Hermit's Heritage
 10294 | D:11     | Noticed Sonja
 10298 | D:11     | Killed Sonja
 10305 | D:11     | Noticed Psyche
 10312 | D:11     | Killed Psyche
 10371 | D:11     | Noticed Urug
 10383 | D:11     | Killed Urug
 10626 | D:11     | Noticed a skeletal warrior
 10632 | D:11     | Killed a skeletal warrior
 10633 | D:11     | Noticed a skeletal warrior
 10635 | D:11     | Noticed a skeletal warrior
 10635 | D:11     | Killed a skeletal warrior
 10647 | D:11     | Killed a skeletal warrior
 10648 | D:11     | Reached skill level 10 in Long Blades
 10750 | D:11     | Reached * piety under Wu Jian
 10752 | D:11     | Noticed a sixfirhy
 10971 | Lair:1   | Entered Level 1 of the Lair of Beasts
 11005 | Lair:1   | Noticed an eight-headed hydra
 11019 | Lair:1   | Killed a three-headed hydra
 11197 | Lair:1   | Reached skill level 10 in Hexes
 11221 | Lair:1   | Reached XP level 12. HP: 29/91 MP: 3/20
 11334 | Lair:1   | Reached skill level 11 in Stealth
 11569 | Lair:1   | Reached ** piety under Wu Jian
 11679 | Lair:1   | Noticed a catoblepas
 11910 | Lair:1   | HP: 2/91 [yak[a torpor snail] (5)]
 11911 | Lair:1   | Slain by a yak

Illustrated notes

Levels and vault maps discovered:
D:1:      lemuel_arrival_behind_the_door_small, layout_rooms
D:2:      layout_rooms, hellmonk_ecumenical_altar_crossroads,
          grunt_ministairs_10
D:3:      layout_basic, chequers_temple_overflow_statue_of_worship,
          nemelex_xobeh_ov_fountains_minmay, serial_glass, glass_columns_b,
          glass_columns_b, minmay_circle_x, uniq_jessica
D:4:      layout_rooms, minmay_misc_feat_tower
D:5:      layout_cave_pods, enter_ossuary_2, kennysheep_small_circle
D:6:      layout_cave_pools, lemuel_coloured_pillars_altar
D:7:      layout_loops_ring, temple_doors_e, nicolae_hexahallways,
          minmay_unpleasant_kobolds
D:8:      layout_basic, elyvilon_altar_4, marbit_many_paths, enter_bailey_7
D:9:      layout_basic, mainiacjoe_overflow_swirl,
          pdpol_wu_jian_five_deadly_venoms
D:10:     layout_gridville, lair_entry_dummy, chequers_serial_rivers_room_a
D:11:     layout_roguey, orc_0_dummy, uniq_psyche, uniq_urug, uniq_sonja
Temple:   compressed_dpeg_triangle_lava_temple
Lair:1:   wander_river, layout_gridlike, grunt_megastairs_2,
          serial_bayou_shore_a

Skill      XL: |  1  2  3  4  5  6  7  8  9 10 11 12 |
---------------+-------------------------------------+-----
Long Blades    | 1 2 3 4 6 9 10 | 10.3
Fighting       | 1 2 3 4 5 6 7 |  7.5
Hexes          | 5 6 8 10 | 10.6
Stealth        | 5 6 7 8 10 11 | 11.2
Short Blades   | 2 3 |  3.7
Evocations     | 1 2 3 |  3.7
Dodging        | 3 4 5 6 7 |  7.0
Ice Magic      | 1 2 |  2.0
Spellcasting   | 3 4 5 |  5.8
Conjurations   | 2 3 |  3.2
Armour         | 3 4 |  4.0

Action                     |  1- 3 |  4- 6 |  7- 9 | 10-12 || total
---------------------------+-------+-------+-------+-------++-------
  Melee: Dagger            |   115 |   203 |   303 |   285 ||   906
         Bite              |     9 |    33 |    32 |    43 ||   117
         Punch             |     1 |     6 |     7 |     5 ||    19
         Scimitar          |       |       |       |    30 ||    30
  Throw: Boomerang         |       |     1 |     1 |       ||     2
         Stone             |       |       |     1 |       ||     1
   Cast: Ensorcelled Hiber |    19 |    18 |    68 |    89 ||   194
         Confusing Touch   |     1 |     4 |     6 |    12 ||    23
         Dazzling Flash    |       |       |       |     7 ||     7
Ability: Lunge             |       |       |       |    24 ||    24
         Whirlwind         |       |       |       |     8 ||     8
  Evoke: Sack of spiders   |       |       |     1 |     2 ||     3
         Wand              |       |       |       |     3 ||     3
    Use: Scroll            |     5 |     5 |    13 |     2 ||    25
         Potion            |       |       |     1 |     4 ||     5
   Stab: Sleeping          |    20 |    11 |    43 |    54 ||   128
         Distracted        |     1 |       |       |     2 ||     3
         Confused          |       |     2 |     5 |    13 ||    20
         Invisible         |       |       |       |     6 ||     6
 Armour: Robe              |    63 |   105 |   143 |    20 ||   331
         Steam dragon scal |       |       |       |   181 ||   181
  Dodge: Dodged            |    82 |   134 |   209 |   263 ||   688

Table legend: (Time is in decaauts)
 A = Elapsed time spent in this place.
 B = Non-inter-level travel time spent in this place.
 C = Inter-level travel time spent in this place.
 D = Time resting spent in this place.
 E = Time spent auto-exploring this place.
 F = Levels seen in this place.
 G = Mean time per level.
                   A        B        C        D        E       F      G
               +--------+--------+--------+--------+--------+-----+--------+
         Total |  11768 |  11247 |    521 |   1269 |   7461 |  15 |  784.5 |
       Dungeon |   9939 |   9457 |    482 |    602 |   7196 |  11 |  903.5 |
        Temple |      1 |      0 |      1 |      0 |      0 |   1 |    1.0 |
          Lair |    925 |    888 |     37 |    493 |    140 |   1 |  925.0 |
       Ossuary |    477 |    477 |      0 |     91 |     10 |   1 |  477.0 |
        Bailey |    424 |    424 |      0 |     83 |    115 |   1 |  424.0 |
               +--------+--------+--------+--------+--------+-----+--------+

Top non-repeatable levels by time:
     D:7: 1208 daAuts
     D:9: 1033 daAuts
    D:10: 1020 daAuts
     D:5: 1011 daAuts
     D:6: 996 daAuts
     D:8: 988 daAuts
  Lair:1: 925 daAuts
    D:11: 807 daAuts
     D:1: 789 daAuts
     D:4: 732 daAuts
     D:2: 714 daAuts
     D:3: 638 daAuts
 Ossuary: 477 daAuts
  Bailey: 424 daAuts
  Temple: 1 daAuts
